 Dungeon Crawl Stone Soup version 0.18-a0-628-gc02dfad (webtiles) character file.

72 FishmanTm the Skirmisher (level 4, -1/38 HPs)
             Began as a Merfolk Transmuter on Dec 4, 2015.
             Slain by Natasha (2 damage)
             ... on level 2 of the Dungeon.
             The game lasted 00:03:55 (2202 turns).

FishmanTm the Skirmisher (Merfolk Transmuter)       Turns: 2202, Time: 00:03:55

Health: -1/38      AC:  2    Str: 10    XL:     4   Next: 25%
Magic:  2/7        EV: 13    Int: 13    God:
Gold:   69         SH:  0    Dex: 14    Spells: 3 memorised, 1 level left

rFire  . . .     SeeInvis .       - Unarmed
rCold  . . .     Clarity  .     b - +0 robe
rNeg   . . .     SustAt   .     (no shield)
rPois  .         Gourm    .     (no helmet)
rElec  .         Spirit   .     (no cloak)
rCorr  .         Dismiss  .     (no gloves)
rMut   .         Stasis   .     (no boots)
MR     .....                    (no amulet)
Stlth  +.........               (no ring)
                                (no ring)

@: very slightly contaminated, slowed, very slow, not resistant to hostile
enchantments, very unstealthy
A: change form in water, swift swim
a: no special abilities


You were on level 2 of the Dungeon.
You were not hungry.

You visited 1 branch of the dungeon, and saw 2 of its levels.

You collected 69 gold pieces.

Inventory:

Missiles
 a - 10 arrows
Armour
 b - a +0 robe (worn)
Jewellery
 n - an uncursed amulet of rage {unknown}
Wands
 l - a wand of polymorph (16)
Scrolls
 e - a scroll of remove curse {unknown}
 f - 3 scrolls of identify {unknown}
 h - a scroll of random uselessness {unknown}
 m - a scroll of immolation {unknown}
Potions
 j - a potion of invisibility {unknown}
 o - a potion of curing {unknown}
Books
 c - a book of Changes

   Spells                             Type                      Level
   a - Beastly Appendage              Transmutation                1
   b - Sticks to Snakes               Transmutation                2
   c - Spider Form                    Transmutation/Poison         3
   d - Ice Form                       Ice/Transmutation            4
   e - Blade Hands                    Transmutation                5
Comestibles
 d - 3 bread rations
 g - 4 fruits
 i - a meat ration
 p - a slice of pizza


   Skills:
 + Level 4.3 Fighting
 - Level 2.6 Dodging
 - Level 3.2 Unarmed Combat
 - Level 2.0 Spellcasting
 - Level 2.6 Transmutations


You had one spell level left.
You knew the following spells:

 Your Spells              Type           Power        Failure   Level  Hunger
a - Beastly Appendage     Trmt           #.....       10%         1    ##.....
b - Sticks to Snakes      Trmt           #.......     14%         2    ###....
c - Spider Form           Trmt/Pois      #.........   52%         3    ####...


Dungeon Overview and Level Annotations

Branches:
Dungeon (2/15)

Altars:
Nemelex Xobeh
Pakellas
Ru
Vehumet
Xom
Zin
The Shining One

Annotations:
D:2 Natasha


Message History

You hit Natasha but do no damage.
Natasha is almost dead.
Natasha stares at you and mumbles some strange words.
You feel yourself slow down.
You closely miss Natasha.
Natasha is almost dead.
Natasha barely misses you.
You barely miss Natasha.
Natasha is almost dead.
Natasha mumbles some strange words.
Natasha's fingertips start to glow.
Natasha stares at you and mumbles some strange words.
The magic dart hits you!
* * * LOW HITPOINT WARNING * * *
Natasha claws you!
* * * LOW HITPOINT WARNING * * *
You closely miss Natasha.
Natasha is almost dead.
Natasha claws you.
You die...

#...............#
###.#>#########.###
#.......# #.# #.##.##.#
#.# #.##.##.# #.#
#.##....# ####..
#.####..# ......
#######(......###.#####
#..............h@....#
#.######.#....###..(....
#.#.##.# .......
#.#.##.# #.#%###
#......# .# .# ###.####
.# # ###.### # #.....#
##### ###
#.....######.#_###_#


You could see Natasha.

Vanquished Creatures
  Natasha (D:2)
  2 adders (D:2)
  An ooze (D:1)
  2 giant geckos
  3 bats (D:1)
  A giant cockroach (D:2)
  4 goblins
  4 hobgoblins
  3 jackals (D:1)
  A kobold (D:1)
  A ball python (D:2)
  A giant newt (D:2)
  6 rats
30 creatures vanquished.

Notes
Turn   | Place    | Note
--------------------------------------------------------------
     0 | D:1      | FishmanTm the Merfolk Transmuter began the quest for the Orb.
     0 | D:1      | Reached XP level 1. HP: 15/15 MP: 3/3
   149 | D:1      | Reached XP level 2. HP: 4/22 MP: 3/5
   150 | D:1      | HP: 1/22 [jackal (3)]
  1248 | D:1      | Reached XP level 3. HP: 15/29 MP: 6/6
  1252 | D:1      | Learned a level 2 spell: Sticks to Snakes
  1256 | D:1      | Learned a level 3 spell: Spider Form
  1839 | D:2      | Noticed Natasha
  1850 | D:2      | Killed Natasha
  1930 | D:2      | Reached skill level 4 in Fighting
  1930 | D:2      | Reached XP level 4. HP: 25/37 MP: 0/7
  2022 | D:2      | Found a radiant altar of Vehumet.
  2023 | D:2      | Found a glowing silver altar of Zin.
  2023 | D:2      | Found an oddly glowing altar of Pakellas.
  2023 | D:2      | Found a shimmering altar of Xom.
  2023 | D:2      | Found a sparkling altar of Nemelex Xobeh.
  2025 | D:2      | Found a glowing golden altar of the Shining One.
  2032 | D:2      | Found a sacrificial altar of Ru.
  2190 | D:2      | Noticed Natasha
  2201 | D:2      | HP: 1/38 [Natasha (9)]
  2202 | D:2      | Slain by Natasha

Vault maps used:
D:1:      ncdulo_smallfort, serial_bayou_crossing
D:2:      nicolae_gozag_seed_capital, minitemple, hex_medium, uniq_natasha

Action                   |  1- 3 |  4- 6 || total
-------------------------+-------+-------++-------
Melee: Unarmed           |    85 |    28 ||   113
 Cast: Beastly Appendage |    14 |       ||    14
       Spider Form       |     2 |       ||     2
       Sticks to Snakes  |     2 |       ||     2
 Stab: Sleeping          |     1 |       ||     1
  Eat: Chunk             |     4 |     2 ||     6
